 Dungeon Crawl Stone Soup version 0.30.0-10-gfe55d96785 (webtiles) character file.

Game seed: 6847690174893634545

292630 esper6 the Unseen (level 19, -8/174 (178) HPs)
             Began as a Demonspawn Brigand on May 14, 2023.
             Was the Champion of Wu Jian.
             Hit by a large rock thrown by a stone giant (19 damage)
             ... on level 4 of the Vaults.
             The game lasted 03:15:07 (36199 turns).

esper6 the Unseen (Demonspawn Brigand)             Turns: 36199, Time: 03:15:07

HP:   -8/174 (178)  AC: 19    Str: 13    XL:     19   Next: 99%
MP:   0/19          EV: 24    Int: 14    God:    Wu Jian [******]
Gold: 1281          SH: 13    Dex: 20    Spells: 12/18 levels left

rFire   . . .        a - +0 rapier (elec)
rCold   . . .        E - +2 buckler {reflect}
rNeg    . . .        K - +3 troll leather armour
rPois   .            (helmet unavailable)
rElec   .            I - scarf {shadows}
rCorr   .            (gloves unavailable)
SInv    .            G - +2 pair of boots {Stlth+}
Will    ++...        f - amulet of guardian spirit
Stlth   ++++++++     l - +4 ring of protection
HPRegen 1.29/turn    o - ring of willpower
MPRegen 0.16/turn

%: reflection, guardian spirit
@: exhausted, lightly drained
A: horns 3, icemail 1, robust 1, spiny 3, condensation shield, weakness stinger
2, demonic touch 3
}: 2/15 runes: decaying, serpentine
a: Renounce Religion, Wall Jump, Serpent's Lash, Heavenly Storm


You were on level 4 of the Vaults.
You worshipped Wu Jian.
Wu Jian was exalted by your worship.
You visited 6 branches of the dungeon, and saw 34 of its levels.

You collected 3739 gold pieces.
You spent 2458 gold pieces at shops.

Inventory:

Hand Weapons
 a - a +0 rapier of electrocution (weapon)
 p - the +6 falchion of Doemos {freeze, rPois rF++ Dex-2}
   (You found it on level 12 of the Dungeon)

   Dex:       It affects your dexterity (-2).
   rF:        It greatly protects you from fire.
   rPois:     It protects you from poison.
 Q - a +0 rapier of protection
Missiles
 d - 55 poisoned darts (quivered)
 e - 17 curare-tipped darts
 D - 2 throwing nets
Armour
 B - a +1 kite shield of protection
 E - a +2 buckler of reflection (worn)
 G - a +2 pair of boots of stealth (worn)
 I - a scarf of shadows (worn)
 K - a +3 troll leather armour (worn)
Jewellery
 f - an amulet of guardian spirit (around neck)
 l - a +4 ring of protection (left hand)
 o - a ring of willpower (right hand)
 t - a ring of poison resistance
 M - a ring of flight
 W - an amulet of regeneration
 Y - a ring of protection from cold
Wands
 q - a wand of polymorph (11)
 s - a wand of acid (18)
 y - a wand of iceblast (32)
 z - a wand of mindburst (41)
 C - a wand of flame (43)
 S - a wand of paralysis (12)
Scrolls
 i - 4 scrolls of poison
 k - 2 scrolls of silence
 m - 2 scrolls of teleportation
 r - 2 scrolls of amnesia
 u - 4 scrolls of blinking
 v - 4 scrolls of vulnerability
 J - a scroll of enchant weapon
 N - 8 scrolls of magic mapping
 P - 3 scrolls of fear
 X - 8 scrolls of fog
 Z - a scroll of summoning
Potions
 g - 7 potions of might
 h - a potion of heal wounds
 j - 19 potions of curing
 n - 4 potions of flight
 w - 5 potions of mutation
 A - a potion of invisibility
 H - 4 potions of lignification
 O - 3 potions of berserk rage
 R - 6 potions of cancellation
 T - 4 potions of resistance
 U - 13 potions of haste
 V - 2 potions of magic
Miscellaneous
 b - a phantom mirror
 c - a condenser vane
 x - a box of beasts
 F - a phial of floods
 L - a lightning rod (4/4)


   Skills:
 + Level 17.7 Fighting
 - Level 14.0 Short Blades
 - Level 1.7 Throwing
 + Level 5.9 Armour
 + Level 17.9 Dodging
 + Level 19.8 Stealth
 - Level 9.0 Shields
 + Level 2.2 Necromancy
 + Level 11.9 Evocations


You had 12 spell levels left.
You knew the following spells:

 Your Spells              Type           Power      Damage    Failure   Level
a - Death Channel         Necr           3%         N/A       100%        6

Your spell library contained the following spells:

 Spells                   Type           Power      Damage    Failure   Level
 Freeze                   Ice            0%         1d3       41%         1
 Magic Dart               Conj           0%         1d3       41%         1
 Sandblast                Erth           0%         2d4       41%         1
 Sting                    Tmut/Pois      0%         1d3       41%         1
 Summon Small Mammal      Summ           0%         N/A       41%         1
 Cigotuvi's Dreadful Rot  Necr/Pois/Air  4%         N/A       45%         2
 Blink                    Tloc           0%         N/A       56%         2
 Ensorcelled Hibernation  Hex/Ice        0%         N/A       56%         2
 Passwall                 Tmut/Erth      0%         N/A       56%         2
 Poisonous Vapours        Pois/Air       0%         N/A       56%         2
 Searing Ray              Conj           0%         2d4       56%         2
 Call Canine Familiar     Summ           0%         N/A       80%         3
 Dazzling Flash           Conj/Hex       0%         N/A       80%         3
 Frozen Ramparts          Ice            0%         1d1       80%         3
 Hailstorm                Conj/Ice       0%         3d3       80%         3
 Inner Flame              Hex/Fire       0%         N/A       80%         3
 Ozocubu's Armour         Ice            0%         N/A       80%         3
 Portal Projectile        Hex/Tloc       0%         N/A       80%         3
 Spider Form              Tmut/Pois      0%         N/A       80%         3
 Stone Arrow              Conj/Erth      0%         3d7       80%         3
 Summon Guardian Golem    Hex/Summ       0%         N/A       80%         3
 Tukima's Dance           Hex            0%         N/A       80%         3
 Volatile Blastmotes      Fire/Tloc      0%         2d10      80%         3
 Animate Dead             Necr           6%         N/A       88%         4
 Dispel Undead            Necr           6%         3d8       88%         4
 Anguish                  Hex/Necr       1%         N/A       96%         4
 Fulminant Prism          Conj/Hex       0%         3d5       99%         4
 Iskenderun's Mystic Bla  Conj/Tloc      0%         2d3       99%         4
 Leda's Liquefaction      Hex/Erth       0%         N/A       99%         4
 Manifold Assault         Tloc           0%         N/A       99%         4
 Olgreb's Toxic Radiance  Pois           0%         N/A       99%         4
 Passage of Golubria      Tloc           0%         N/A       99%         4
 Alistair's Intoxication  Tmut/Pois      0%         N/A       100%        5
 Blade Hands              Tmut           0%         N/A       100%        5
 Lee's Rapid Deconstruct  Erth           0%         3d4*      100%        5
 Metabolic Englaciation   Hex/Ice        0%         N/A       100%        5
 Silence                  Hex/Air        0%         N/A       100%        5
 Yara's Violent Unravell  Hex/Tmut       0%         3d3       100%        5
 Eringya's Noxious Bog    Tmut/Pois      0%         N/A       100%        6
 Simulacrum               Ice/Necr       1%         N/A       100%        6
 Starburst                Conj/Fire      0%         6d3       100%        6
 Enfeeble                 Hex            0%         N/A       100%        7
 Haunt                    Necr/Summ      1%         N/A       100%        7
 Storm Form               Tmut/Air       0%         N/A       100%        7
 Discord                  Hex            0%         N/A       100%        8
 Ignition                 Fire           0%         3d3       100%        8
 Infestation              Necr           3%         N/A       100%        8
 Lehudib's Crystal Spear  Conj/Erth      0%         10d2      100%        8


Dungeon Overview and Level Annotations

Branches:
Dungeon (15/15)            Temple (0/1) D:5            Lair (5/5) D:8
  Swamp (4/4) Lair:2        Snake (4/4) Lair:3        Slime (0/5) Lair:4
    Orc (2/2) D:9          Vaults (4/5) D:13          Crypt (0/3) Vaults:3
 Depths (0/4) D:15
    Elf: Orc:2

Altars:
Ashenzari
Cheibriados
Dithmenos
Makhleb
Okawaru
Qazlal
Ru
Sif Muna
Trog
Wu Jian
Jiyva

Shops:
D:4 :(:*   D:6 (   D:12 (   Orc:2 ?[(((   Snake:2 ((**   Snake:4 !   Vaults:2 !
Vaults:3 :

Annotations:
Vaults:4 exclusion: 3 downstairs


Innate Abilities, Weirdness & Mutations

You have a pair of large horns on your head.
A meltable icy envelope protects you from harm. (AC +4)
You are robust. (+10% HP)
You are completely covered in sharp spines.
A meltable shield of frost defends you. (SH +4)
You have a tail ending in a sharp stinger.
Your touch may irresistibly damage your foes and sap their willpower.


Message History

You hit the stone giant.
You tail-slap the stone giant, but do no damage.
The stone giant is severely wounded.
You puncture the stone giant!
The stone giant is severely wounded.
The stone giant hits you but does no damage.
You spin and attack the vault warden repeatedly.
You hit the vault warden but do no damage.
You headbutt the vault warden!
Your tail-slap misses the vault warden.
The vault warden is heavily wounded.
You hit the vault warden but do no damage.
The vault warden is heavily wounded.
You spin and attack the stone giant repeatedly.
You hit the stone giant.
The stone giant is severely wounded.
You hit the stone giant but do no damage.
The stone giant is severely wounded.
The vault warden misses you. The stone giant hits you!!
You see here a +0 arbalest.
You hit the stone giant but do no damage.
You tail-slap the stone giant, but do no damage.
The stone giant is severely wounded.
Unknown command.
You barely miss the vault warden.
You tail-slap the vault warden, but do no damage.
The vault warden is heavily wounded.
The stone giant simulacrum is struck by your spines.
The stone giant simulacrum hits you!!
The stone giant simulacrum freezes you!!!
* * * LOW HITPOINT WARNING * * *
The stone giant is struck by your spines.
The stone giant hits you!
* * * LOW HITPOINT WARNING * * *
The vault warden hits you with a +0 heavy great sword!
* * * LOW HITPOINT WARNING * * *
Blink to where?
Press: ? - help, Dir - move target
As you read the scroll of blinking, it crumbles to dust.
The stone giant throws a large rock.
The large rock hits you!!
You die...

######++###+############
#...........# #..pZ#[#....#
#..C§###....#############
#....#)#..[.#...........#
#.###...###.#...##'#...)#
#.)#..).)#[.#...#..#....#
#.###...###.#...#.#####.#
#....#!#@.))#.###)#...'.#
#....###.<).#.#.#####.#.#
#....#.#....#.[...#.###.#
#...........+.#####('...#
#######'###########...[#..#...#
#.........# #....####...#
#..>......# #...........#
##.......##########'########'##
#.......# #......).########...


You could see a stone giant and a vault warden.

Vanquished Creatures
  Vashnia (Snake:2)
  Xtahua (Vaults:4)
  Jorgrun (D:14)
  Kirke (D:13)
  2 thorn hunters (Swamp:4)
  A sphinx (Vaults:2)
  5 tengu reavers (Vaults:2)
  5 nagarajas (Snake:4)
  Donald (D:13)
  2 fire giants (Vaults:2)
  Louise (Swamp:1)
  A frost giant (D:12)
  An orc warlord (Vaults:3)
  7 vault wardens
  2 ghouls (Swamp:4)
  A very ugly thing (Vaults:1)
  16 ironbound preservers
  3 stone giants
  8 ironbound thunderhulks
  2 eleionomae
  A vampire knight (Vaults:3)
  4 dire elephants
  5 bunyips
  Snorg (D:12)
  5 ettins
  5 great orbs of eyes
  Josephine (D:14)
  11 yaktaur captains
  A shambling mangrove (Swamp:4)
  2 entropy weavers
  7 ironbound frosthearts
  24 hydras
  9 vault guards
  Erolcha (D:13)
  4 ghost crabs
  Erica (D:8)
  3 ogre magi
  10 centaur warriors
  5 boulder beetles
  14 two-headed ogres
  A catoblepas (Lair:4)
  10 anacondas
  3 death yaks (Lair:4)
  13 naga warriors
  3 alligators
  7 naga sharpshooters
  2 orc high priests
  2 deep troll earth magi (D:12)
  8 shock serpents
  2 tengu warriors (D:15)
  7 sea snakes (Snake:4)
  A salamander mystic (Snake:4)
  A skyshark (Lair:4)
  7 goliath frogs
  A fire crab (Lair:4)
  52 deep trolls
  7 swamp dragons
  A glowing orange brain (Vaults:3)
  12 bog bodies
  A flayed ghost (D:12)
  3 spriggan druids
  3 naga ritualists
  14 ironbound convokers
  4 harpies
  3 necromancers
  5 wizards
  3 deep elf pyromancers (D:15)
  12 lindwurms
  4 phantasmal warriors
  A tengu skeleton (Vaults:1)
  4 orc knights
  3 will-o-the-wisps
  11 salamanders
  3 cyclopes (shapeshifter)
  An orc sorcerer (Orc:1)
  A sphinx zombie (Vaults:1)
  23 ugly things
  9 cyclopes
  2 manticores
  7 mana vipers
  A moth of wrath (Swamp:2)
  5 elephants (Lair:4)
  A stone giant skeleton (Vaults:1)
  29 black mambas
  7 guardian serpents
  15 cane toads
  An eye of devastation (Vaults:2)
  16 vault sentinels
  12 naga magi
  A cane toad (shapeshifter) (D:15)
  2 gargoyles
  2 torpor snails
  4 rime drakes (Lair:4)
  2 human zombies (Vaults:1)
  5 komodo dragons
  3 kobold demonologists
  A freezing wraith (D:12)
  15 trolls
  14 yaktaurs
  3 efreet
  2 meliai (D:12)
  10 hornets
  17 blink frogs
  11 tyrant leeches
  24 slime creatures
  An ettin skeleton (Vaults:1)
  A deep troll zombie (Vaults:1)
  3 vampires (Vaults:3)
  7 wraiths
  11 spriggans
  A wyvern (Lair:3)
  4 shadows
  5 basilisks
  3 fire elementals (D:15)
  A human (Lair:5)
  6 hogs (D:13)
  19 vampire mosquitoes
  31 yaks
  3 redbacks
  An ogre zombie (Vaults:1)
  22 swamp worms
  33 nagas
  6 wargs
  4 acid dragons
  A glowing shapeshifter zombie (Vaults:1)
  12 water moccasins
  6 swamp drakes (Swamp:4)
  Pargi (D:4)
  13 orc warriors
  2 ice beasts
  25 ogres
  4 sky beasts
  A black bear (D:7)
  11 wolves
  5 boggarts
  12 centaurs
  9 kobold brigands
  4 gnoll sergeants (D:9)
  13 bullfrogs
  3 scorpions
  A necrophage (Swamp:4)
  4 wights (D:9)
  17 killer bees
  2 electric eels
  3 howler monkeys
  A lava snake (D:15)
  A jelly (D:5)
  6 hounds
  2 gnoll boudas
  12 orc priests
  2 sleepcaps
  2 iguanas
  15 orc wizards
  9 gnolls
  7 adders
  A shadow imp (D:8)
  5 white imps
  An ufetubus (D:4)
  2 worms
  3 dart slugs
  45 orcs
  5 endoplasms
  2 giant cockroaches
  3 goblins
  8 hobgoblins
  3 quokkas
  3 ball pythons
  8 bats
  A frilled lizard (D:1)
  17 kobolds
  8 rats
  A fire vortex (D:15)
1120 creatures vanquished.

Vanquished Creatures (others)
  2 bloated husks
  2 centaurs (D:14)
  12 foxfires
16 creatures vanquished.

Grand Total: 1136 creatures vanquished

Notes
Turn   | Place    | Note
-------+----------+-------------------------------------------
     0 | D:1      | esper6 the Demonspawn Brigand began the quest for the Orb.
     0 | D:1      | Reached XP level 1. HP: 16/16 MP: 1/1
    31 | D:1      | Reached skill level 1 in Dodging
    97 | D:1      | Gained mutation: You are partially covered in sharp spines.
                  | [demonic ancestry]
    97 | D:1      | Reached XP level 2. HP: 21/22 MP: 2/2
   559 | D:3      | Gained mutation: You are mostly covered in sharp spines.
                  | [demonic ancestry]
   559 | D:3      | Reached XP level 3. HP: 28/28 MP: 3/3
   831 | D:2      | Reached skill level 4 in Stealth
  1032 | D:1      | Gained mutation: You are completely covered in sharp
                  | spines. [demonic ancestry]
  1032 | D:1      | Reached XP level 4. HP: 34/34 MP: 4/4
  1623 | D:4      | Found an ornate altar of the Wu Jian Council.
  1636 | D:4      | Discovered your monstrous ancestry.
  1636 | D:4      | Gained mutation: You have a pair of small horns on your
                  | head. [demonic ancestry]
  1636 | D:4      | Reached XP level 5. HP: 39/40 MP: 5/5
  1637 | D:4      | Noticed Pargi
  1639 | D:4      | Found Tajoituoh's Book Shoppe.
  1645 | D:4      | Killed Pargi
  1670 | D:4      | Became a worshipper of the Wu Jian Council
  1685 | D:4      | Found Diomieren's Book Shoppe.
  1753 | D:4      | Reached XP level 6. HP: 34/47 MP: 4/6
  1851 | D:4      | Found Keleog's Assorted Antiques.
  1903 | D:4      | Bought a white potion for 18 gold pieces
  1903 | D:4      | Bought a wooden wand for 80 gold pieces
  1903 | D:4      | Bought a scroll labelled DIRROL MEVUR for 20 gold pieces
  1903 | D:4      | Bought a scroll labelled YGOUHO CEI for 20 gold pieces
  1903 | D:4      | Bought a scroll labelled ILYWUI MOBUF for 20 gold pieces
  1903 | D:4      | Bought a scroll labelled UQISTR NIAMORA for 20 gold pieces
  2029 | D:4      | Found Taivuhua's Weapon Shop.
  2096 | D:4      | Found a stormy altar of Qazlal.
  2162 | D:5      | Entered Level 5 of the Dungeon
  2201 | D:5      | Found a staircase to the Ecumenical Temple.
  2322 | D:5      | Gained mutation: You have a small tail. [demonic ancestry]
  2322 | D:5      | Reached XP level 7. HP: 53/53 MP: 7/7
  2337 | D:5      | Reached skill level 5 in Stealth
  2611 | D:5      | Found a shadowy altar of Dithmenos.
  2649 | D:5      | Reached skill level 5 in Short Blades
  2799 | D:5      | Found a broken altar of Ashenzari.
  2799 | D:5      | Found a sacrificial altar of Ru.
  2799 | D:5      | Found an iron altar of Okawaru.
  2949 | D:6      | Reached * piety under Wu Jian
  3026 | D:6      | Found Doump's Antique Weapon Shop.
  3281 | D:7      | Reached XP level 8. HP: 18/61 MP: 8/8
  3781 | D:7      | Reached skill level 5 in Fighting
  3938 | D:7      | Found a shimmering blue altar of Sif Muna.
  3945 | D:7      | Reached skill level 6 in Stealth
  3948 | D:7      | Found a bloodstained altar of Trog.
  4130 | D:8      | Noticed Erica
  4157 | D:8      | HP: 3/62 [rock wall collision (5)]
  4160 | D:8      | Killed Erica
  4161 | D:8      | Gained mutation: You have a pair of horns on your head.
                  | [demonic ancestry]
  4161 | D:8      | Reached XP level 9. HP: 16/69 MP: 1/9
  4491 | D:8      | Reached skill level 5 in Dodging
  4674 | D:8      | Reached skill level 7 in Stealth
  4685 | D:8      | Reached ** piety under Wu Jian
  4768 | D:8      | Noticed a troll
  5149 | D:8      | Gained mutation: Your touch may inflict minor irresistible
                  | damage on your foes. [demonic ancestry]
  5149 | D:8      | Reached XP level 10. HP: 52/77 MP: 10/10
  5196 | D:8      | Found a staircase to the Lair.
  5228 | D:8      | Found a snail-covered altar of Cheibriados.
  5250 | Lair:1   | Entered Level 1 of the Lair of Beasts
  5491 | Lair:1   | Noticed a cane toad
  5492 | Lair:1   | Noticed a black mamba
  5496 | Lair:1   | Killed a cane toad
  5581 | D:8      | Identified a scroll of acquirement
  5581 | D:8      | Acquired a manual of Stealth
  5683 | D:9      | Reached skill level 8 in Stealth
  5764 | D:9      | Found a staircase to the Orcish Mines.
  5775 | D:9      | Reached *** piety under Wu Jian
  5959 | D:9      | Reached skill level 9 in Stealth
  6012 | D:9      | Reached skill level 10 in Short Blades
  6102 | D:9      | Gained mutation: A meltable shield of frost defends you.
                  | (SH +4) [demonic ancestry]
  6102 | D:9      | Reached XP level 11. HP: 86/86 MP: 11/11
  6418 | D:10     | Entered Level 10 of the Dungeon
  6679 | D:11     | Noticed a white ugly thing
  6912 | D:11     | Reached **** piety under Wu Jian
  6935 | D:11     | Noticed a two-headed ogre
  6954 | D:11     | Killed a two-headed ogre
  6955 | D:11     | Reached skill level 10 in Stealth
  6992 | D:11     | Noticed a two-headed ogre
  6998 | D:11     | Killed a white ugly thing
  8108 | Lair:2   | Reached skill level 11 in Stealth
  8197 | Lair:2   | Noticed a six-headed hydra
  8200 | Lair:2   | Noticed a bog body
  8202 | Lair:2   | Noticed a bog body
  8202 | Lair:2   | Killed a six-headed hydra
  8211 | Lair:2   | Killed a bog body
  8212 | Lair:2   | Gained mutation: Your touch may inflict irresistible damage
                  | on your foes. [demonic ancestry]
  8212 | Lair:2   | Reached XP level 12. HP: 79/95 MP: 12/12
  8247 | Lair:2   | Noticed a four-headed hydra
  8253 | Lair:2   | Killed a four-headed hydra
  8304 | Lair:2   | Reached ***** piety under Wu Jian
  8313 | Lair:2   | Found a staircase to the Swamp.
  8715 | Lair:3   | Noticed a boulder beetle
  8720 | Lair:3   | Killed a boulder beetle
  8770 | Lair:3   | Reached skill level 12 in Stealth
  8909 | Lair:3   | Found a staircase to the Snake Pit.
  9147 | Lair:4   | Reached skill level 10 in Fighting
  9166 | Lair:4   | Noticed a catoblepas
  9365 | Lair:4   | Killed a catoblepas
  9429 | Lair:5   | Entered Level 5 of the Lair of Beasts
  9522 | Lair:4   | Found a viscous altar of Jiyva.
  9522 | Lair:4   | Found a staircase to the Slime Pits.
  9629 | Lair:4   | Noticed a death yak
  9629 | Lair:4   | Noticed a death yak
  9635 | Lair:4   | Noticed a death yak
  9637 | Lair:4   | Noticed a death yak
  9643 | Lair:4   | Gained mutation: You have a pair of large horns on your
                  | head. [demonic ancestry]
  9643 | Lair:4   | Reached XP level 13. HP: 99/103 MP: 13/13
  9809 | Lair:4   | Reached skill level 13 in Stealth
 10628 | Lair:5   | Reached skill level 14 in Stealth
 10647 | Lair:5   | Reached ****** piety under Wu Jian
 10655 | Lair:5   | Reached skill level 10 in Dodging
 10961 | Lair:5   | Found a runed translucent door.
 11197 | Orc:1    | Entered Level 1 of the Orcish Mines
 11668 | Orc:2    | Entered Level 2 of the Orcish Mines
 11745 | Orc:2    | Found Ywoorr's Armour Shop.
 11804 | Orc:2    | Gained mutation: You have a tail ending in a sharp stinger.
                  | [demonic ancestry]
 11804 | Orc:2    | Reached XP level 14. HP: 49/113 MP: 10/14
 11805 | Orc:2    | Found Eruppua's Magic Scroll Shoppe.
 11805 | Orc:2    | Found Estrae Wukem's Weapon Boutique.
 11807 | Orc:2    | Found Iplif's Antique Weapon Shop.
 11987 | Orc:1    | Reached skill level 15 in Stealth
 12396 | Orc:2    | Found Coero's Weapon Shoppe.
 13165 | D:4      | Bought a manual of Dodging for 880 gold pieces
 13342 | Swamp:1  | Entered Level 1 of the Swamp
 13488 | Swamp:1  | HP: 4/116 [bog body (24)]
 13638 | Swamp:1  | Identified the +1 rapier of Udiloaca {flame, rF+}
 13696 | Swamp:1  | Noticed Louise
 13841 | Swamp:1  | Killed Louise
 14355 | Swamp:2  | You are sucked into a shaft and drop 1 floor!
 14854 | Swamp:2  | Reached skill level 16 in Stealth
 15215 | Swamp:2  | Gained mutation: A meltable icy envelope protects you from
                  | harm. (AC +4) [demonic ancestry]
 15215 | Swamp:2  | Reached XP level 15. HP: 124/124 MP: 15/15
 15393 | Swamp:4  | Entered Level 4 of the Swamp
 15736 | Swamp:3  | Reached skill level 1 in Evocations
 18097 | Swamp:4  | Noticed a thorn hunter
 18181 | Swamp:4  | Killed a thorn hunter
 18187 | Swamp:4  | Noticed a thorn hunter
 18202 | Swamp:4  | Killed a thorn hunter
 18203 | Swamp:4  | Reached skill level 17 in Stealth
 18576 | Swamp:4  | Got a decaying rune of Zot
 18759 | Snake:1  | Entered Level 1 of the Snake Pit
 18879 | Snake:1  | Reached XP level 16. HP: 134/134 MP: 16/16
 19031 | Snake:1  | Reached skill level 15 in Dodging
 19036 | Snake:1  | Reached skill level 5 in Evocations
 19320 | Snake:2  | Found Estryoc's Weapon Shoppe.
 19324 | Snake:2  | Found Evail's Assorted Antiques.
 19324 | Snake:2  | Found Mohogofo's Weapon Shoppe.
 19328 | Snake:2  | Found Kuups's Assorted Antiques.
 19394 | Snake:2  | Noticed Vashnia
 20211 | Snake:3  | Reached skill level 15 in Fighting
 21213 | Snake:4  | Entered Level 4 of the Snake Pit
 21505 | Snake:4  | Reached skill level 1 in Shields
 22361 | Snake:4  | Found Nuruphoc's Distillery.
 22368 | Snake:4  | Bought a potion of might for 48 gold pieces
 22368 | Snake:4  | Bought 2 potions of curing for 72 gold pieces
 22368 | Snake:4  | Bought a potion of haste for 120 gold pieces
 22368 | Snake:4  | Bought a potion of haste for 120 gold pieces
 22368 | Snake:4  | Bought a potion of might for 48 gold pieces
 22368 | Snake:4  | Bought a potion of mutation for 96 gold pieces
 22368 | Snake:4  | Bought a potion of heal wounds for 60 gold pieces
 23517 | Snake:4  | Gained mutation: You are robust. (+10% HP) [demonic
                  | ancestry]
 23517 | Snake:4  | Reached XP level 17. HP: 130/156 MP: 17/17
 23826 | Snake:4  | Reached skill level 18 in Stealth
 24450 | Snake:4  | Got a serpentine rune of Zot
 24554 | Snake:2  | Killed Vashnia
 25479 | D:12     | Found Yngazeuph's Weapon Emporium.
 25637 | D:12     | Identified the +9 falchion of Intimidation {holy, *Slow
                  | rElec rCorr Dex+2}
 25638 | D:12     | Identified the +6 falchion of Doemos {freeze, rPois rF++
                  | Dex-2}
 25695 | D:12     | Identified the +7 chain mail "Soshes" {Stlth+}
 25865 | D:12     | Got the Dissertation on Contamination
 26161 | D:13     | Noticed Erolcha
 26188 | D:13     | Killed Erolcha
 26251 | D:14     | Noticed Jorgrun
 26253 | D:14     | Killed Jorgrun
 26550 | D:13     | Noticed Kirke
 26575 | D:13     | Killed Kirke
 26731 | D:14     | Noticed Josephine
 26919 | D:14     | Killed Josephine
 26950 | D:14     | Found a burning altar of Makhleb.
 26955 | D:14     | Reached skill level 5 in Shields
 27353 | D:15     | Entered Level 15 of the Dungeon
 27785 | D:15     | Found a staircase to the Depths.
 28875 | D:12     | Noticed Snorg
 28887 | D:12     | Killed Snorg
 29321 | D:13     | Found a gate to the Vaults.
 29348 | Vaults:1 | Entered Level 1 of the Vaults
 29398 | Vaults:1 | Gained mutation: Your touch may irresistibly damage your
                  | foes and sap their willpower. [demonic ancestry]
 29398 | Vaults:1 | Reached XP level 18. HP: 63/167 MP: 5/18
 29947 | Vaults:1 | Reached skill level 10 in Evocations
 30653 | Vaults:1 | Reached skill level 1 in Armour
 31013 | Vaults:1 | Noticed Donald
 31024 | Vaults:1 | Reached skill level 19 in Stealth
 31161 | D:13     | Killed Donald
 31705 | Vaults:2 | Found Zaixte's Distillery.
 31709 | Vaults:2 | Bought 2 potions of haste for 440 gold pieces
 31709 | Vaults:2 | Bought a potion of mutation for 176 gold pieces
 31709 | Vaults:2 | Bought a potion of haste for 220 gold pieces
 32045 | Vaults:2 | Found the +3 Mad Mage's Maulers {Infuse+∞ VampMP -Cast}
 32046 | Vaults:2 | HP: 3/169 [tengu reaver/bolt of cold (38)]
 32286 | Vaults:3 | Reached XP level 19. HP: 158/177 MP: 16/19
 33191 | Vaults:3 | Found Wopuh's Book Shop.
 33733 | Vaults:3 | Found a staircase to the Crypt.
 34159 | Vaults:4 | Noticed Xtahua
 34161 | Vaults:4 | Killed Xtahua
 34571 | Vaults:2 | Paralysed by a great orb of eyes for 4 turns
 34747 | Vaults:2 | Reached skill level 5 in Armour
 35531 | Vaults:2 | Learned a level 6 spell: Death Channel
 35545 | Vaults:2 | Identified the staff of earth "Pythreod" {Int+2 Dex+3}
 35953 | Vaults:4 | Reached skill level 1 in Necromancy
 36199 | Vaults:4 | Hit by a large rock thrown by a stone giant

Illustrated notes

Levels and vault maps discovered:
D:1:      dpeg_arrival_pits, layout_basic
D:2:      layout_loops_ring
D:3:      layout_loops_ring, hex_large
D:4:      layout_cave_pools, mainiacjoe_overflow_cross_hatched,
          nicolae_qazlal_eye_of_the_storm, serial_shops, shop,
          nicolae_shop_window_shopping, shop_fountains, nicolae_shop_crystal,
          minmay_crystal_water, uniq_pargi
D:5:      layout_basic, lemuel_doored_altar,
          gammafunk_temple_overflow_forgotten, minmay_temple_entry_poolview
D:6:      layout_rooms, serial_shops, shop
D:7:      minmay_spotlight, layout_basic, nzn_overflow_gifts_of_might_and_magic,
          elyvilon_altar_3, serial_bayou_ford_a, kennysheep_generic_room_7
D:8:      layout_basic, slow_altar_2, dpeg_oklobed_lair, grunt_ogre_cave,
          uniq_erica
D:9:      layout_cave_pools, kennysheep_orc_monster_closet_entryway,
          skrybe_limestone_x
D:10:     layout_cave_pools, uniq_maurice
D:11:     layout_long_grid
D:12:     minmay_tearing_corner, layout_stronghold, serial_shops,
          nicolae_shop_hallway_plus, uniq_snorg
D:13:     layout_layer_cave, david_vaults_5, uniq_kirke, uniq_erolcha
D:14:     layout_cross, minivault_4, bloody_makhleb, uniq_jorgrun,
          uniq_josephine
D:15:     grunt_enter_depths_snipers, layout_basic, minmay_misc_feat_square
Lair:1:   layout_roguey, infiniplex_staircase_pool
Lair:2:   layout_chaotic_city, nicolae_swamp_entry_splash_gauntlet,
          infiniplex_staircase_pool_2, lemuel_fruit_tree
Lair:3:   layout_roguey, guppyfry_snake_entry_island
Lair:4:   layout_gridlike, slime_entry_1, grunt_megastairs_4,
          serial_bayou_shore_b
Lair:5:   minmay_lair_end_frog_pond, layout_regular_city,
          pdpol_lair_cabin_in_the_woods
Swamp:1:  layout_falls_marsh, hangedman_swamp_ruin_wall, uniq_louise
Swamp:2:  layout_basic_swamp, nicolae_swamp_big_swirl, swamp_pool2, worms_lemuel
Swamp:3:  layout_falls_marsh, evilmike_swamp_ruin_house_4, swamp_pool3,
          nicolae_swamp_fairy_circle
Swamp:4:  swamp_basic_johnstein, layout_basic_swamp, swamp_pool3,
          nicolae_swamp_tree_designs
Snake:1:  layout_onion
Snake:2:  layout_rooms, grunt_megastairs_2, minmay_shoptagon, uniq_vashnia
Snake:3:  layout_basic, nicolae_snake_salamander_jacuzzi
Snake:4:  grunt_snake_rune_pools, layout_cave_shapes, serial_shops,
          nicolae_shop_peninsula, grunt_ministairs_7
Orc:1:    layout_diamond_mine, nicolae_volcano_entry_hallway,
          nicolae_orc_sculptors_studio
Orc:2:    st_orc_open, layout_caves, serial_shops, shop,
          david_defended_altar_orc
Vaults:1: nicolae_vaults_yaktaur_gun_rack, ontoclasm_vaults_ring_square,
          ontoclasm_vaults_spin, nicolae_vaults_trapezoid_lopsided_1,
          hangedman_vaults_nails, v_misc_3, grunt_vaults_hallway_short,
          grunt_vaults_diagonal, ontoclasm_vaults_fault,
          nicolae_vaults_six-pack, vaults_room_large_hall,
          vaults_room_door_ring, layout_vaults_omnibox, uniq_donald
Vaults:2: st_greater_box_5, hangedman_vaults_stitches, vaults_room_semicircle,
          nicolae_vaults_twisting_passages, hangedman_vaults_snaps,
          nicolae_vaults_turnstiles, nicolae_vaults_house_3, v_misc_31,
          ontoclasm_vaults_gateway, nicolae_vaults_tetromino_T_1,
          nicolae_vaults_tetromino_Z_1, nicolae_vaults_trapezoid_lopsided_3,
          nicolae_vaults_trapezoid_1, layout_vaults_maze_snakey, serial_shops,
          nicolae_shop_back_alley_shop
Vaults:3: nicolae_vaults_trapezoid_lopsided_4, vaults_standard_mumra_lines,
          nicolae_vaults_tetromino_Z_1, nicolae_vaults_back_hallway,
          nicolae_vaults_frosty_reception, minmay_crypt_entry_vampire_xt,
          v_misc_25, nicolae_vaults_rhombus_5, hangedman_vaults_cutoff,
          nicolae_vaults_tetromino_L_2, nicolae_vaults_ring_of_whatevers,
          layout_vaults_chaotic_city, serial_shops, shop
Vaults:4: nicolae_vaults_what_the_h, vaults_dpeg_hooks,
          hangedman_vaults_hard_town_square, nicolae_vaults_closet_pinwheel_2,
          nicolae_vaults_trapezoid_1, nicolae_vaults_house_3,
          vaults_room_corners, v_misc_14, layout_vaults_omnicross, uniq_xtahua

Skill      XL: |  1  2  3  4  5  6  7  8  9 10 11 12 13 14 15 16 17 18 19 |
---------------+----------------------------------------------------------+-----
Dodging        | 1 2 3 4 5 6 8 9 10 12 14 16 17 | 17.9
Short Blades   | 2 3 4 5 7 8 10 11 13 14 | 14.0
Stealth        | 4 5 6 7 9 11 12 14 16 17 18 19 | 19.8
Fighting       | 3 4 5 6 7 9 10 11 13 14 15 16 17 | 17.7
Evocations     | 4 7 9 10 11 | 11.9
Shields        | 3 5 7 9 |  9.0
Armour         | 3 5 |  5.9
Necromancy     | 2 |  2.2
Throwing       | |  1.7

Action                     |  1- 3 |  4- 6 |  7- 9 | 10-12 | 13-15 | 16-18 | 19-21 || total
---------------------------+-------+-------+-------+-------+-------+-------+-------++-------
  Melee: Dagger            |    76 |    68 |    36 |    30 |       |       |       ||   210
         Headbutt          |       |    11 |    42 |   129 |   346 |   652 |   293 ||  1473
         Rapier            |       |       |   143 |   540 |  1255 |  1890 |   754 ||  4582
         Tailslap          |       |       |    29 |   107 |   247 |   471 |   198 ||  1052
         Falchion          |       |       |       |       |       |   116 |    45 ||   161
  Throw: Dart              |     7 |    16 |    18 |    40 |    38 |    18 |       ||   137
 Invoke: Serpent's Lash    |       |       |       |     2 |    17 |    13 |     6 ||    38
         Heavenly Storm    |       |       |       |       |     3 |     3 |       ||     6
Ability: Lunge             |       |     7 |    14 |    40 |    91 |   133 |    39 ||   324
         Whirlwind         |       |       |     1 |     9 |    69 |    68 |    65 ||   212
         Wall Jump         |       |       |       |     1 |     2 |     1 |       ||     4
  Evoke: Wand              |       |       |       |       |     7 |     8 |       ||    15
    Use: Scroll            |       |     5 |     7 |    11 |    19 |     5 |     2 ||    49
         Potion            |       |       |     6 |       |     7 |     5 |     4 ||    22
   Stab: Sleeping          |    12 |     9 |    11 |    29 |    41 |    87 |    27 ||   216
         Distracted        |       |       |     1 |     3 |     8 |     7 |     4 ||    23
 Armour: Robe              |     9 |    22 |    19 |     2 |       |       |       ||    52
         Troll leather arm |       |       |       |    65 |    72 |   144 |    81 ||   362
         Swamp dragon scal |       |       |       |       |   150 |    89 |       ||   239
  Dodge: Dodged            |    40 |    19 |    61 |   181 |   544 |   738 |   322 ||  1905
  Block: Buckler           |       |       |    18 |   149 |   420 |   567 |   254 ||  1408
         Reflection        |       |       |       |       |       |    10 |     8 ||    18
